 Dungeon Crawl Stone Soup version 0.29.1-2-gbd0b4ee654 (webtiles) character file.

Game seed: 13848069734921139024

70 qeuew the Shooter (level 4, 0/23 HPs)
             Began as a Spriggan Hunter on Nov 2, 2022.
             Slain by an adder (3 damage)
             ... on level 2 of the Dungeon.
             The game lasted 00:03:11 (1238 turns).

qeuew the Shooter (Spriggan Hunter)                 Turns: 1238, Time: 00:03:12

Health: 0/23       AC:  2    Str:  7    XL:     4   Next: 4%
Magic:  5/5        EV: 18    Int: 10    God:
Gold:   113        SH:  0    Dex: 20    Spells: 3/3 levels left

rFire   . . .      SeeInvis +   e - +0 dagger
rCold   . . .      Faith    .   (no shield)
rNeg    . . .      Spirit   .   c - +0 robe
rPois   .          Reflect  .   (helmet restricted)
rElec   .          Harm     .   (no cloak)
rCorr   .          Rampage  .   (gloves unavailable)
Will    .....                   (boots unavailable)
Stlth   +++.......              (no amulet)
HPRegen 0.07/turn               (no ring)
MPRegen 0.09/turn               (no ring)

@: flying, very quick
A: very small, no large weapons, unfitting armour, see invisible, speed 3
a: no special abilities


You were on level 2 of the Dungeon.
You visited 1 branch of the dungeon, and saw 2 of its levels.

You collected 113 gold pieces.

Inventory:

Hand Weapons
 a - a +1 shortbow
 e - a +0 dagger (weapon)
Armour
 c - a +0 robe (worn)
Scrolls
 b - a scroll of identify {unknown}
 f - 2 scrolls of teleportation


   Skills:
 + Level 1.9 Fighting
 + Level 1.5 Short Blades
 * Level 4.6 Ranged Weapons
 + Level 3.3 Dodging
 + Level 2.7 Stealth


You had 3 spell levels left.
You didn't know any spells.
Your spell library contained the following spells:

 Spells                   Type           Power      Damage    Failure   Level
 Foxfire                  Conj/Fire      0%         2x1d4     36%         1


Dungeon Overview and Level Annotations

Branches:
Dungeon (2/15)

Altars:


Innate Abilities, Weirdness & Mutations

You are very small and have problems with some larger weapons.
You are too small for most types of armour.
You have supernaturally acute eyesight. (SInv)
You cover ground extremely quickly. (Speed+++)


Message History

A ball python comes into view.
You feel sick.
It was a potion of flight.
You feel very buoyant.
You fly up into the air.
You feel sick.
You feel sick.
You are no longer poisoned.
e - a +0 dagger (weapon)
The ball python hisses angrily.
You hit the adder.
The adder is almost dead.
The adder closely misses you.
You barely miss the adder.
The adder is almost dead.
The adder closely misses you.
You hit the adder but do no damage.
The adder is almost dead.
The adder bites you.
* * * LOW HITPOINT WARNING * * *
The adder closely misses you.
You barely miss the adder.
The adder is almost dead.
You closely miss the ball python. The adder barely misses you.
The ball python bites you.
* * * LOW HITPOINT WARNING * * *
The ball python completely misses you.
You hit the ball python.
The ball python is moderately wounded.
The adder closely misses you. The ball python misses you.
The ball python barely misses you.
You hit the ball python but do no damage.
The ball python is moderately wounded.
The adder closely misses you. The ball python misses you. x2
An endoplasm comes into view.
The adder closely misses you.
You closely miss the ball python.
The ball python is moderately wounded.
The ball python misses you. The ball python completely misses you.
The adder bites you.
You die...

#..?..#
##.J######..
#...........
#.#.##......
#.#.#....... ##
..#.#....... ..
## #K#.......
## #S#S......
#@S### ##...###
###...#######
###..#....#####
##...†..#....
###........#
#........#
#....#....
#....#....


You could see an adder, an endoplasm (wandering), 2 ball pythons and a kobold.

Vanquished Creatures
  Natasha (D:2)
  An adder (D:2)
  A worm (D:2)
  A dart slug (D:1)
  A ball python (D:2)
  3 endoplasms
  2 giant cockroaches (D:2)
  5 goblins
  4 hobgoblins
  5 bats
  A frilled lizard (D:2)
  3 kobolds (D:1)
  3 rats (D:1)
31 creatures vanquished.

Vanquished Creatures (others)
  A fungus (D:2)
  2 plants (D:2)
3 creatures vanquished.

Grand Total: 34 creatures vanquished

Notes
Turn   | Place    | Note
-------+----------+-------------------------------------------
     0 | D:1      | qeuew the Spriggan Hunter began the quest for the Orb.
     0 | D:1      | Reached XP level 1. HP: 10/10 MP: 2/2
   182 | D:1      | Reached XP level 2. HP: 15/15 MP: 3/3
   798 | D:2      | Noticed Natasha
   800 | D:2      | Reached skill level 1 in Short Blades
   806 | D:2      | Killed Natasha
   807 | D:2      | Reached XP level 3. HP: 7/18 MP: 4/4
   988 | D:2      | Found a faded altar of an unknown god.
   992 | D:2      | Got Plato's Papyrus of the Summer
  1207 | D:2      | Reached XP level 4. HP: 23/23 MP: 5/5
  1238 | D:2      | Slain by an adder

Illustrated notes

Levels and vault maps discovered:
D:1:      tarquinn_simple_flora_water_b, layout_loops_ring,
          minmay_tiny_reverse_x
D:2:      layout_basic, basic_altar, shapermc_ecumenical_altar_rom_forum,
          uniq_natasha

Skill      XL: |  1  2 |
---------------+-------+-----
Stealth        | 2 |  2.7
Dodging        | 3 |  3.3
Short Blades   | 1 |  1.5
Fighting       | |  1.9
Ranged Weapons | |  4.6

Action                   |  1- 3 |  4- 6 || total
-------------------------+-------+-------++-------
Melee: Dagger            |       |     8 ||     8
 Fire: Shortbow          |    62 |    10 ||    72
  Use: Scroll            |     4 |       ||     4
       Potion            |     2 |     1 ||     3
Armor: Robe              |     2 |     4 ||     6
Dodge: Dodged            |     6 |    27 ||    33
